 Dungeon Crawl Stone Soup version 0.18-a0-1523-gbe15c29 (webtiles) character file.

21 Kilingo the Slasher (level 3, 0/29 HPs)
             Began as a Human Berserker on Mar 8, 2016.
             Was a Follower of Trog.
             Succumbed to an adder's poison
             ... on level 2 of the Dungeon.
             The game lasted 00:12:27 (799 turns).

Kilingo the Slasher (Human Berserker)                Turns: 799, Time: 00:12:27

Health: 0/29       AC:  2    Str: 17    XL:     3   Next: 5%
Magic:  3/3        EV: 12    Int:  7    God:    Trog [*.....]
Gold:   7          SH:  0    Dex: 13    Spells: 0 memorised, 2 levels left

rFire  . . .     SeeInvis .     b - +0 falchion
rCold  . . .     Gourm    .     i - +0 animal skin
rNeg   . . .     Faith    .     (no shield)
rPois  .         Spirit   .     (no helmet)
rElec  .         Dismiss  .     (no cloak)
rCorr  .         Reflect  .     (no gloves)
SustAt .         Harm     .     (no boots)
MR     .....                    (no amulet)
Stlth  ++........               (no ring)
                                (no ring)

@: lethally poisoned (0 -> -10), not resistant to hostile enchantments,
unstealthy
A: no striking features
a: Berserk, Burn Spellbooks, Renounce Religion


You were on level 2 of the Dungeon.
You worshipped Trog.
Trog was aware of your devotion.
You were not hungry.

You visited 1 branch of the dungeon, and saw 2 of its levels.

You collected 35 gold pieces.

Inventory:

Hand Weapons
 a - a +0 dagger
 b - a +0 falchion (weapon)
Missiles
 d - 63 stones (quivered)
Armour
 i - a +0 animal skin (worn)
 k - a +2 helmet
Scrolls
 j - a scroll of identify
Potions
 m - a potion of resistance {unknown}
 n - a potion of brilliance {unknown}
Miscellaneous
 l - a plain deck of changes {drawn: 7}
Comestibles
 c - 2 bread rations
 f - 2 chunks of flesh
 g - 3 meat rations


   Skills:
 - Level 3.0 Fighting
 - Level 3.0 Long Blades
 - Level 1.6 Throwing
 - Level 2.0 Armour
 - Level 2.0 Dodging
 - Level 1.6 Stealth
 + Level 0.0 Evocations


You had 2 spell levels left.
You didn't know any spells.

Dungeon Overview and Level Annotations

Branches:
Dungeon (2/15)

Altars:
Fedhas
Nemelex Xobeh
Qazlal


Message History

The adder completely misses you.
You see here a scroll of remove curse.
The adder barely misses you. The adder misses you. The adder bites you.
* * * LOW HITPOINT WARNING * * *
You are lethally poisoned!
The adder poisons you!
You feel a little less agile now.
* * * LOW HITPOINT WARNING * * *
You feel sick.
* * * LOW HITPOINT WARNING * * *
You feel sick. The adder bites you.
* * * LOW HITPOINT WARNING * * *
You are more poisoned.
The adder poisons you!
* * * LOW HITPOINT WARNING * * *
You feel sick.
You die... ..... #.......# #.# .... #.......# ##.P #..# #.......##### #PPP

#..# #...........# #PP_
#..#####.......###.# #.PP
#..............###.######..
##.#######.##.............#
#.# #.##.####.....#### #.#
#@##.# #####.# # #.# #.##.#
#.# # #.# #S##.# #.#### #.#
#.##.# #..... #?# #.##.#
###### #.#######.##.
#.........# ###########


You could see an adder.

Vanquished Creatures
  A giant gecko (D:1)
  5 bats (D:1)
  A giant cockroach (D:1)
  3 goblins (D:1)
  3 hobgoblins (D:1)
  A kobold (D:1)
  A quokka (D:2)
  A giant newt (D:1)
  3 rats
19 creatures vanquished.

Notes
Turn   | Place    | Note
--------------------------------------------------------------
     0 | D:1      | Kilingo the Human Berserker began the quest for the Orb.
     0 | D:1      | Reached XP level 1. HP: 18/18 MP: 1/1
   158 | D:1      | Reached skill level 1 in Throwing
   277 | D:1      | Reached XP level 2. HP: 22/24 MP: 2/2
   480 | D:1      | Found a sparkling altar of Nemelex Xobeh.
   511 | D:1      | Reached skill level 1 in Stealth
   663 | D:2      | Reached XP level 3. HP: 29/29 MP: 3/3
   685 | D:2      | Found a blossoming altar of Fedhas.
   686 | D:2      | Found a stormy altar of Qazlal.
   729 | D:2      | HP: 1/29 [poisoned by an adder]
   798 | D:2      | HP: 1/29 [poisoned by an adder]
   799 | D:2      | Succumbed to an adder's poison

Vault maps used:
D:1:      mrwooster_arrival_arrow, nemelex_deck
D:2:      grunt_temple_overflow_forces_of_nature, first_bread,
          grunt_gozag_statues

Skill      XL: |  1  2 |
---------------+-------+-----
Throwing       | 1 |  1.6
Stealth        | 1 |  1.6
Fighting       | |  3.0
Long Blades    | |  3.0
Armour         | |  2.0
Dodging        | |  2.0

Action                   || total
-------------------------++-------
Melee: Falchion          ||    37
       Short sword       ||    11
       Dagger            ||     5
Throw: Stone             ||    37
Evoke: Deck              ||     7
  Use: Potion            ||     2
       Scroll            ||     2
 Stab: Sleeping          ||     1
